 Dungeon Crawl Stone Soup version 0.26.1-2-gb8aa6d0cf2 (webtiles) character file.

Game seed: 14460695340686598321

28 rel the Cutter (level 3, 20/36 HPs)
             Began as a Kobold Berserker on Mar 26, 2021.
             Was a Follower of Trog.
             Quit the game on level 2 of the Dungeon.
             The game lasted 00:03:59 (1263 turns).

rel the Cutter (Kobold Berserker)                   Turns: 1263, Time: 00:04:00

Health: 20/36      AC: 21    Str: 14    XL:     3   Next: 30%
Magic:  3/3        EV:  3    Int:  9    God:    Trog [*.....]
Gold:   50         SH:  0    Dex: 14    Spells: 2/2 levels left

rFire    + . .     SeeInvis .   a - +0 short sword
rCold    + . .     Faith    .   (shield restricted)
rNeg     + + +     Spirit   .   (armour currently unavailable)
rPois    +         Reflect  .   (helmet currently unavailable)
rElec    +         Harm     .   (cloak currently unavailable)
rCorr    +         Rampage  .   (gloves currently unavailable)
Will     .....     NoTele   +   (boots currently unavailable)
Stlth    ++........             (no amulet)
HPRegen  0.12/turn              (no ring)
MPRegen  0.08/turn              (no ring)

@: confused, tree-form, resistant
A: small, nightstalker 3
a: Renounce Religion, Berserk


You were on level 2 of the Dungeon.
You worshipped Trog.
Trog was aware of your devotion.
You were a tree.
You visited 1 branch of the dungeon, and saw 2 of its levels.

You collected 50 gold pieces.

Inventory:

Hand Weapons
 a - a +0 short sword (weapon)
Armour
 b - a +0 animal skin (melded)
Scrolls
 d - a scroll of immolation {unknown}
 e - a scroll of identify {unknown}
 f - a scroll of teleportation {unknown}
 g - a scroll of enchant weapon {unknown}
 h - a scroll of remove curse


   Skills:
 * Level 3.7 Fighting
 + Level 4.5 Short Blades
 + Level 1.6 Armour
 * Level 2.9 Dodging
 * Level 1.4 Stealth


You had 2 spell levels left.
You didn't know any spells.
Your spell library was empty.

Dungeon Overview and Level Annotations

Branches:
Dungeon (2/15)

Altars:

Annotations:
D:2 Sigmund


Innate Abilities, Weirdness & Mutations

You are small and have problems with some larger weapons.
You are completely attuned to the shadows.


Message History

You are too confused!
You cannot move. (Use ctrl+direction or * direction to attack without moving.)
You are too confused!
You cannot move. (Use ctrl+direction or * direction to attack without moving.)
You are too confused!
You cannot move. (Use ctrl+direction or * direction to attack without moving.)
You are too confused!
You cannot move. (Use ctrl+direction or * direction to attack without moving.)
You cannot move. (Use ctrl+direction or * direction to attack without moving.)
You are too confused!
You cannot move. (Use ctrl+direction or * direction to attack without moving.)
You are too confused!
You cannot move. (Use ctrl+direction or * direction to attack without moving.)
You are too confused!
Saving game... please wait.
Level annotation: Sigmund Welcome back, rel the Kobold Berserker.
Trog says: Kill them all!
Press ? for a list of commands and other information.
Are you sure you want to abandon this character and quit the game? (Confirm with "yes".)

#. #.# ###.# #.#
..(# #.#
####.#########.#
...@..#........#
####.♣#.######.#
......#.# #.#
####..#.######.#
...............#
####..#.#####..#
#..#.# #..#
#..#.#####..#
#..... .....#
..##.######.#


You could see Sigmund.

Vanquished Creatures
  A dart slug (D:1)
  5 bats (D:1)
  2 giant cockroaches (D:1)
  A goblin (D:1)
  2 hobgoblins (D:1)
  3 jackals (D:1)
  2 frilled lizards (D:1)
  4 kobolds (D:1)
  4 rats (D:1)
24 creatures vanquished.

Notes
Turn   | Place    | Note
-------+----------+-------------------------------------------
     0 | D:1      | rel the Kobold Berserker began the quest for the Orb.
     0 | D:1      | Reached XP level 1. HP: 14/14 MP: 1/1
   108 | D:1      | Reached XP level 2. HP: 19/19 MP: 2/2
   670 | D:1      | Reached skill level 1 in Stealth
   670 | D:1      | Reached XP level 3. HP: 24/24 MP: 3/3
  1246 | D:2      | Noticed Sigmund
  1263 | D:2      | Quit the game

Illustrated notes

Levels and vault maps discovered:
D:1:      wander_arrival_peaceful_grave, layout_loops_cross, serial_forest,
          infiniplex_forest_straight_3, infiniplex_forest_end_1,
          infiniplex_forest_lined_2, infiniplex_forest_clump_long,
          infiniplex_forest_clump_medium, infiniplex_forest_lined_ring,
          infiniplex_forest_straight_3
D:2:      layout_basic, lemuel_coloured_pillars_altar, lemuel_round_altar,
          uniq_sigmund

Skill      XL: |  1  2 |
---------------+-------+-----
Stealth        | 1 |  1.4
Fighting       | |  3.7
Short Blades   | |  4.5
Armour         | |  1.6
Dodging        | |  2.9

Action                   || total
-------------------------++-------
Melee: Short sword       ||    67
Invok: Berserk           ||     1
  Use: Potion            ||     3
       Scroll            ||     1
 Stab: Sleeping          ||     8
Armor: Animal skin       ||    10
       Skin              ||     1
Dodge: Dodged            ||    47
